 Dungeon Crawl Stone Soup version 0.29-a0-515-g7c1fb6cc08 (webtiles) character file.

Game seed: 16228419543500461177

206 Bruhh the Caller (level 5, -2/79 HPs)
             Began as an Ogre Summoner on May 30, 2022.
             Succumbed to a kobold's poison
             ... on level 4 of the Dungeon.
             The game lasted 00:05:05 (5305 turns).

Bruhh the Caller (Ogre Summoner)                    Turns: 5305, Time: 00:05:05

Health: -2/79      AC:  3    Str: 12    XL:     5   Next: 84%
Magic:  10/11      EV:  9    Int: 18    God:
Gold:   128        SH:  0    Dex:  9    Spells: 6/12 levels left

rFire   . . .      SeeInvis .   o - +0 quarterstaff
rCold   . . .      Faith    .   (shield currently unavailable)
rNeg    . . .      Spirit   .   a - +0 robe
rPois   .          Reflect  .   (helmet restricted)
rElec   .          Harm     .   (no cloak)
rCorr   .          Rampage  .   (gloves unavailable)
Will    .....                   (boots unavailable)
Stlth   ..........              (no amulet)
HPRegen 0.23/turn               (no ring)
MPRegen 0.12/turn               (no ring)

@: mighty, berserking, lethally poisoned (-2 -> -18), very quick
A: large, unfitting armour, tough skin 1
a: no special abilities


You were on level 4 of the Dungeon.
You visited 1 branch of the dungeon, and saw 4 of its levels.

You collected 128 gold pieces.

Inventory:

Hand Weapons
 c - a +0 dagger
 o - a +0 quarterstaff (weapon)
Armour
 a - a +0 robe (worn)
Wands
 n - a wand of acid (8)
Scrolls
 d - a scroll of acquirement {unknown}
 e - a scroll of magic mapping
 g - a scroll of amnesia
 i - a scroll of silence
 j - a scroll of blinking
 k - 2 scrolls of teleportation {unknown}
 l - a scroll of brand weapon {unknown}
 p - a scroll of summoning {unknown}
Potions
 b - a potion of magic
 h - a potion of might
 m - a potion of invisibility {unknown}


   Skills:
 - Level 3.1 Fighting
 - Level 1.7 Dodging
 - Level 1.4 Stealth
 + Level 4.4 Spellcasting
 + Level 4.8 Summonings


You had 6 spell levels left.
You knew the following spells:

 Your Spells              Type           Power      Damage    Failure   Level
a - Summon Small Mammal   Summ           84%        N/A       1%          1
b - Call Imp              Summ           21%        N/A       3%          2
c - Call Canine Familiar  Summ           21%        N/A       6%          3

Your spell library contained the following spells:

 Spells                   Type           Power      Damage    Failure   Level
 Summon Guardian Golem    Hex/Summ       12%        N/A       16%         3
 Summon Lightning Spire   Summ/Air       12%        N/A       45%         4


Dungeon Overview and Level Annotations

Branches:
Dungeon (4/15)
 Temple: D:4-7

Altars:


Innate Abilities, Weirdness & Mutations

You are too large for most types of armour.
You have tough skin. (AC +1)


Message History

You feel very sick.
The kobold hits you with a +3 dagger of venom.
You are more poisoned.
You hit the kobold but do no damage.
You feel very sick. The kobold hits you but does no damage.
You are more poisoned.
Casting: Summon Small Mammal (safe; 1% risk of failure)
Confirm with . or Enter, or press ? or * to list all spells.
Okay, then.
It was a potion of might.
You feel very mighty all of a sudden.
* * * LOW HITPOINT WARNING * * *
You feel very sick.
The kobold hits you with a +3 dagger of venom.
* * * LOW HITPOINT WARNING * * *
You are lethally poisoned!
It was a potion of berserk rage.
A red film seems to cover your vision as you go berserk!
You feel yourself moving faster!
You feel mighty!
* * * LOW HITPOINT WARNING * * *
You feel very sick. The kobold hits you but does no damage.
You miss the kobold.
* * * LOW HITPOINT WARNING * * *
You feel very sick. The kobold barely misses you.
You closely miss the kobold.
* * * LOW HITPOINT WARNING * * *
You feel very sick.
The kobold hits you with a +3 dagger of venom.
* * * LOW HITPOINT WARNING * * *
You are more poisoned.
You barely miss the kobold.
* * * LOW HITPOINT WARNING * * *
You feel very sick. The kobold barely misses you.
You sock the kobold!
You kill the kobold!
You die...

.# .# .# .##### #
K.... #. >..
#.#######.#
####......@).#
#.......###.##
#.##..#.<##.#
.##..#..##.#
..<..#..##.# ##
#....#.#
##########..÷.#.#
#.......#.......#
#.⌠...⌠.##....#####


There were no monsters in sight!

Vanquished Creatures
  A jelly (D:4)
  2 dart slugs (D:2)
  3 ball pythons (D:1)
  3 endoplasms (D:2)
  3 goblins
  5 hobgoblins
  2 jackals
  A quokka (D:2)
  3 bats (D:3)
  A frilled lizard (D:1)
  2 kobolds (D:4)
  4 rats
30 creatures vanquished.

Vanquished Creatures (collateral kills)
  A bullfrog (D:4)
  2 adders
  A river rat (D:3)
  A worm (D:3)
  2 orcs
  5 endoplasms
  4 giant cockroaches
  5 goblins
  A hobgoblin (D:3)
  3 jackals
  6 ball pythons
  3 bats
  3 frilled lizards
  4 kobolds
  5 rats
46 creatures vanquished.

Vanquished Creatures (others)
  A fungus (D:1)
1 creature vanquished.

Grand Total: 77 creatures vanquished

Notes
Turn   | Place    | Note
-------+----------+-------------------------------------------
     0 | D:1      | Bruhh the Ogre Summoner began the quest for the Orb.
     0 | D:1      | Reached XP level 1. HP: 16/16 MP: 3/3
   249 | D:1      | Reached skill level 1 in Fighting
   249 | D:1      | Reached XP level 2. HP: 25/27 MP: 2/5
  1072 | D:1      | Found a faded altar of an unknown god.
  1299 | D:1      | Reached XP level 3. HP: 35/35 MP: 3/7
  1971 | D:2      | Learned a level 2 spell: Call Imp
  2693 | D:2      | Reached XP level 4. HP: 44/44 MP: 7/9
  3513 | D:3      | Learned a level 3 spell: Call Canine Familiar
  4111 | D:3      | Found a glowing drain.
  4878 | D:4      | Noticed a bullfrog
  4885 | D:4      | Killed a bullfrog
  4886 | D:4      | Reached XP level 5. HP: 49/53 MP: 0/11
  5304 | D:4      | HP: 2/79 [poisoned by a kobold]
  5305 | D:4      | Succumbed to a kobold's poison

Illustrated notes

Levels and vault maps discovered:
D:1:      minmay_arrival_doors, layout_loops_ring, shapermc_ecumenical_altar_gd,
          minmay_door_square, roderic_lattice_a, dreamdust_princess_corridor,
          minivault_26, chequers_serial_rivers_micro_b
D:2:      layout_basic, chequers_mini_garden, st_stairs_13
D:3:      layout_basic, portal_sewer_entry_b, grunt_ministairs_9
D:4:      kennysheep_the_goblin_king, layout_basic, serial_curves,
          eino_curves_04, eino_curves_03, eino_curves_02, ebering_ghost_sewer_d,
          kennysheep_small_square, uniq_robin

Skill      XL: |  1  2  3  4 |
---------------+-------------+-----
Fighting       | 1 2 3 |  3.1
Spellcasting   | 3 4 |  4.4
Summonings     | 4 |  4.8
Dodging        | |  1.7
Stealth        | |  1.4

Action                   |  1- 3 |  4- 6 || total
-------------------------+-------+-------++-------
Melee: Dagger            |   139 |   130 ||   269
       Unarmed           |     5 |       ||     5
       Punch             |     1 |     1 ||     2
       Quarterstaff      |       |    11 ||    11
 Cast: Summon Small Mamm |    54 |    38 ||    92
       Call Imp          |     2 |     3 ||     5
       Call Canine Famil |       |     6 ||     6
  Use: Scroll            |       |     4 ||     4
       Potion            |       |     2 ||     2
 Stab: Distracted        |     2 |       ||     2
       Sleeping          |       |     1 ||     1
Armor: Robe              |    57 |    64 ||   121
Dodge: Dodged            |    85 |    89 ||   174

Table legend: (Time is in decaauts)
 A = Elapsed time spent in this place.
 B = Non-inter-level travel time spent in this place.
 C = Inter-level travel time spent in this place.
 D = Time resting spent in this place.
 E = Time spent auto-exploring this place.
 F = Levels seen in this place.
 G = Mean time per level.
                   A        B        C        D        E       F      G
               +--------+--------+--------+--------+--------+-----+--------+
         Total |   5310 |   5197 |    113 |    206 |   4169 |   4 | 1327.5 |
       Dungeon |   5310 |   5197 |    113 |    206 |   4169 |   4 | 1327.5 |
               +--------+--------+--------+--------+--------+-----+--------+

Top non-repeatable levels by time:
     D:1: 1947 daAuts
     D:2: 1560 daAuts
     D:3: 1375 daAuts
     D:4: 428 daAuts
